AoeStats
← 上帝之鞭

MegaRandom

509041302Analyzed
4v4 RM · 7d ago on Sep 25, 2026· 38m 34s· 8 players
Game mode
Random Map
Map size
Large (8 player)
Population
200
Speed
Normal
Resources
Standard
Victory
Conquest
Starting age
Dark Age
Ending age
Imperial Age
RankedLock teamsTeams togetherTeam positionsShared explorationLock speedFull tech treeHidden civsTurbo modeCheats
Victory
Defeat
🇲🇽 Britons · Mexico
984
+14
🇨🇳 Huns · China
946
+16
🇨🇳 Persians · China
920
+17
🇨🇳 Mongols · China
779
+21
🇭🇰 Britons · Hong Kong SAR China
982
-19
🇹🇼 Maya · Taiwan
940
-17
🇨🇳 Romans · China
929
-17
🇨🇳 Celts · China
882
-15
猫神TRACK
11:15 Feudal Age
12:35 Double-Bit Axe
15:31 Castle Age
18:12 Horse Collar
18:25 Gold Mining
20:52 Loom
25:22 Stone Mining
27:26 Squires
26:47 Man-at-Arms
28:44 Heavy Plow
28:25 Long Swordsman
28:34 Pikeman
34:13 Wheelbarrow
33:24 Town Watch
39:03 Imperial Age
Miles
0:32 Loom
10:56 Feudal Age
11:24 Double-Bit Axe
11:22 Horse Collar
17:44 Castle Age
19:57 Bow Saw
20:25 Wheelbarrow
21:26 Heavy Plow
28:05 Stone Mining
28:06 Gold Mining
29:10 Hand Cart
30:46 Stone Shaft Mining
31:31 Scale Mail Armor
31:42 Forging
35:14 Imperial Age
33:38 Town Watch
33:46 Arson
34:01 Squires
34:02 Murder Holes
35:17 Iron Casting
34:58 Chain Mail Armor
35:34 Town Patrol
35:08 Eagle Warrior
XIXXIXXI
2:21 Loom
13:45 Feudal Age
16:12 Town Watch
19:19 Castle Age
17:28 Double-Bit Axe
18:34 Scale Barding Armor
18:39 Forging
18:50 Stone Mining
18:50 Gold Mining
19:42 Gold Mining
20:26 Bow Saw
22:22 Wheelbarrow
22:33 Stone Shaft Mining
25:45 Fletching
25:57 Padded Archer Armor
32:17 Hand Cart
35:16 Imperial Age
34:36 Bodkin Arrow
34:43 Scale Mail Armor
34:53 Forging
36:35 Cavalier
37:16 Husbandry
舒服
0:55 Loom
10:07 Feudal Age
16:31 Castle Age
15:46 Stone Mining
15:50 Gold Mining
27:10 Imperial Age
25:02 Double-Bit Axe
25:02 Horse Collar
26:48 Heavy Plow
27:27 Gold Shaft Mining
27:31 Wheelbarrow
36:34 Treadmill Crane
Seceptania
9:01 Loom
10:47 Feudal Age
11:53 Town Watch
12:44 Wheelbarrow
12:20 Double-Bit Axe
12:21 Horse Collar
15:28 Fletching
15:38 Padded Archer Armor
22:21 Castle Age
22:29 Crossbowman
23:08 Bodkin Arrow
23:31 Leather Archer Armor
24:48 Ballistics
24:49 Hand Cart
31:41 Imperial Age
32:17 Bow Saw
33:00 Bracer
34:03 Chemistry
36:15 Arbalester
38:51 Ring Archer Armor
39:22 Yeomen
上帝之鞭
5:37 Loom
14:04 Feudal Age
19:53 Castle Age
19:01 Double-Bit Axe
19:55 Scale Barding Armor
20:10 Forging
21:30 Husbandry
21:54 Bloodlines
我的队友很厉害
1:15 Loom
13:02 Feudal Age
18:59 Castle Age
18:21 Scale Barding Armor
18:32 Bloodlines
19:28 Forging
20:11 Husbandry
24:33 Iron Casting
30:09 Chain Barding Armor
32:14 Marauders
33:56 Fervor
35:25 Double-Bit Axe
理塘雪豹王
0:42 Loom
12:18 Feudal Age
13:56 Double-Bit Axe
16:17 Bloodlines
16:19 Scale Barding Armor
23:12 Castle Age
24:55 Husbandry
26:00 Horse Collar
27:59 Gold Mining
30:52 Imperial Age
30:14 Wheelbarrow
32:55 Hand Cart
33:16 Heavy Plow
35:17 Masonry
37:44 Chemistry
Connection lost

Rejoining the realm…

Still unreachable

The connection could not be restored.

Session expired

The server has moved on; the page needs a fresh start.